Map: Kairos Junction LE

Players

ShoWTimE

  • Race: Protoss Protoss
  • League: Grandmaster
  • Spawn Location: 5:00

Special - Winner!

  • Race: Terran Terran
  • League: Master
  • Spawn Location: 11:00

Event: IEM Season 13 - Katowice Server Qualifiers Europe

VOD

Have the link to the VOD?

Description

Time

  • Played on: Jan. 8, 2019, 10:18 a.m.
  • Length: 10:18

All games in this series

Show
View Real Time Build Order
Export as new Build Order

ShoWTimE Protoss 

Build Orders: 1 Gate Expand, Blink Stalkers, Colossus Rush 

Get SALT Encoding   

  12  0:00  Probe  
  13  0:12  Probe  
  14  0:16  Pylon  
  14  0:23  Probe  
  15  0:31  Probe  
  15  0:38  Gateway  
  15  0:40  Probe  
  16  0:46  Assimilator  
  17  0:51  Probe  
  18  1:03  Probe  
  19  1:15  Probe  
  20  1:25  Cybernetics Core  
  20  1:35  Nexus  
  20  1:36  Probe  
  21  1:43  Pylon  
  21  1:48  Probe  
  21  1:52  Assimilator  
  21  1:53  Adept  
  22  2:01  Probe  
  22  2:04  Warp Gate  
  25  2:13  Probe  
  25  2:14  Adept  
  28  2:25  Probe  
  29  2:37  Probe, Twilight Council  
  29  2:43  Probe  
  30  2:49  Stalker  
  30  2:50  Probe  
  34  2:51  Probe  
  34  2:56  Blink  
  35  3:01  Probe  
  35  3:02  Probe  
  37  3:13  Probe  
  37  3:14  Probe  
  39  3:23  Gateway  
  39  3:24  Gateway  
  39  3:25  Probe  
  40  3:27  Probe  
  41  3:34  Robotics Facility  
  41  3:37  Probe  
  41  3:39  Probe  
  43  3:43  Pylon  
  43  3:49  Probe  
  43  3:52  Probe  
  43  3:54  Assimilator  
  45  3:55  Pylon  
  45  3:56  Assimilator  
  45  4:02  Probe  
  44  4:04  Probe  
  45  4:14  Probe  
  45  4:15  Observer  
  45  4:16  Probe  
  47  4:20  Stalker x3  
  54  4:24  Shield Battery  
  54  4:26  Probe  
  54  4:27  Pylon  
  54  4:28  Probe  
  56  4:33  Observer  
  56  4:36  Robotics Bay  
  57  4:38  Forge  
  57  4:48  Pylon  
  57  4:55  Observer  
  57  5:10  Colossus, Gateway  
  57  5:13  Protoss Ground Weapons Level 1, Gateway  
  57  5:14  Charge  
  57  5:15  Gateway  
  57  5:20  Observer  
  63  5:32  Sentry, Probe  
  66  5:40  Pylon  
  66  5:42  Nexus  
  66  5:48  Stalker  
  66  5:49  Stalker  
  69  5:52  Colossus  
  69  5:57  Pylon  
  69  6:09  Extended Thermal Lance  
  75  6:13  Zealot x3  
  75  6:16  Probe x2  
  83  6:20  Pylon  
  83  6:28  Zealot x2  
  83  6:31  Probe x2  
  89  6:35  Colossus  
  89  6:37  Pylon  
  89  6:43  Probe x2, Pylon  
  89  6:44  Sentry  
  99  6:55  Probe  
  99  6:57  Probe, Pylon  
  99  7:01  Zealot  
  103  7:02  Zealot  
  103  7:08  Zealot  
  108  7:12  Pylon  
  107  7:16  Stalker x2  
  107  7:18  Zealot  
  113  7:22  Zealot  
  113  7:24  Zealot  
  113  7:25  Colossus  
  103  7:32  Stalker  
  103  7:36  Protoss Ground Armor Level 1  
  104  7:40  Zealot x2  
  108  7:44  Zealot  
  108  7:48  Zealot x2  
  114  7:57  Pylon  
  113  8:04  Zealot x3  
  117  8:06  Colossus, Zealot  
  119  8:15  Zealot x2  
  119  8:19  Pylon  
  123  8:26  Zealot x2  
  123  8:27  Zealot  
  135  8:30  Zealot  
  137  8:35  Stalker  
  137  8:38  Stalker  
  141  8:41  Pylon  
  141  8:46  Stalker  
  141  8:47  Stalker  
  145  8:51  Pylon  
  145  8:54  Stalker  
  147  9:02  Stalker x2  
  147  9:06  Stalker  
  149  9:13  Zealot x2  
  153  9:21  Zealot  
  155  9:28  Zealot x2  
  155  9:29  Zealot  
  153  9:34  Zealot  
  153  9:35  Zealot  
  103  9:48  Stalker x2  
  103  9:49  Stalker x2  
  101  9:58  Zealot x2  
  97  10:03  Shield Battery  
  97  10:10  Shield Battery  
Show
View Real Time Build Order
Export as new Build Order

Special Terran - Winner!

Build Orders: Reaper Expand 

Get SALT Encoding   

  12  0:01  SCV  
  13  0:13  SCV  
  14  0:17  Supply Depot  
  14  0:25  SCV  
  15  0:39  SCV  
  15  0:40  Barracks  
  16  0:44  Refinery  
  16  0:51  SCV  
  17  1:03  SCV  
  18  1:15  SCV  
  19  1:30  Reaper, Orbital Command  
  20  1:45  Command Center  
  20  1:57  SCV, Supply Depot  
  21  2:02  Marine  
  22  2:09  Factory  
  22  2:12  SCV  
  23  2:16  Refinery  
  23  2:25  SCV, Barracks Reactor  
  25  2:37  SCV  
  25  2:42  Barracks  
  24  2:49  SCV  
  25  2:53  Factory Tech Lab  
  25  2:57  Orbital Command  
  25  3:01  Marine x2, SCV  
  28  3:11  Cyclone  
  31  3:13  SCV  
  31  3:19  Marine x2  
  34  3:24  SCV  
  35  3:28  SCV  
  35  3:29  Supply Depot  
  35  3:33  Barracks Tech Lab  
  36  3:36  SCV  
  36  3:37  Marine x2  
  36  3:40  SCV  
  40  3:48  SCV  
  40  3:49  Siege Tank  
  40  3:52  Marine, SCV  
  40  3:55  Marine x2  
  48  3:59  Stimpack  
  48  4:00  SCV  
  49  4:02  Supply Depot  
  49  4:08  SCV  
  50  4:14  SCV, Starport  
  50  4:15  Marine x2  
  50  4:17  Marine  
  53  4:22  Barracks  
  54  4:24  SCV  
  54  4:27  Supply Depot  
  54  4:28  SCV  
  56  4:35  Siege Tank  
  56  4:36  SCV  
  60  4:39  Marine  
  60  4:41  SCV  
  62  4:48  Marine x2  
  62  4:50  SCV  
  65  4:53  Starport Reactor, SCV, Supply Depot  
  65  4:58  Engineering Bay  
  66  5:02  SCV  
  66  5:03  Marine, Refinery  
  66  5:05  SCV  
  66  5:06  Marine  
  70  5:08  Supply Depot  
  70  5:14  Marine  
  70  5:16  SCV, Supply Depot  
  70  5:17  SCV  
  70  5:19  Siege Tank  
  76  5:24  Supply Depot  
  76  5:25  Terran Infantry Weapons Level 1  
  76  5:28  SCV  
  76  5:29  SCV  
  76  5:35  Refinery  
  77  5:36  Starport Reactor  
  77  5:40  Marine  
  77  5:41  Marine  
  79  5:45  Marine  
  79  5:46  Missile Turret  
  79  5:49  SCV  
  81  5:51  Siege Tank  
  81  5:52  Supply Depot  
  81  5:54  Marine x2  
  86  5:57  Marine  
  86  5:59  Marine  
  86  6:00  Supply Depot  
  86  6:01  Combat Shield  
  88  6:06  Marine  
  89  6:11  Marine  
  89  6:12  Marine, Medivac  
  89  6:14  Medivac  
  89  6:15  Marine  
  89  6:17  Marine  
  96  6:23  Marine  
  97  6:29  Marine, Siege Tank  
  97  6:30  Marauder  
  103  6:35  Marine x2  
  105  6:40  SCV  
  105  6:41  Marine, SCV  
  105  6:43  Medivac  
  110  6:47  Medivac  
  110  6:54  Marine x2  
  112  6:55  Marine, Marauder  
  112  6:59  Supply Depot  
  118  7:01  SCV, Supply Depot  
  118  7:05  Liberator x2  
  118  7:10  Marine  
  118  7:20  Marine x2  
  118  7:21  Marauder, SCV x2  
  118  7:22  Supply Depot  
  124  7:25  Supply Depot  
  117  7:33  SCV  
  113  7:37  Siege Tank  
  113  7:39  SCV  
  113  7:42  Marine x4  
  121  7:45  SCV  
  121  7:46  Marauder  
  121  7:48  Liberator  
  124  7:57  Bunker x2  
  124  8:00  Marine x2  
  124  8:02  Concussive Shells, Liberator  
  126  8:08  Marauder, Terran Infantry Armor Level 1  
  126  8:09  Supply Depot x2  
  131  8:15  Marine  
  131  8:16  Marine  
  131  8:18  Marine x2  
  138  8:20  Bunker  
  138  8:24  Bunker  
  138  8:29  Marauder  
  138  8:33  Marine, Siege Tank  
  144  8:37  Marine  
  144  8:38  Marine  
  144  8:39  Marine  
  147  8:41  Bunker  
  147  8:44  Missile Turret  
  145  8:50  Marauder  
  145  8:51  Marine  
  148  8:55  Marine  
  148  8:56  Marine x2  
  151  9:05  Bunker, Siege Tank  
  151  9:08  Liberator x2  
  151  9:09  Marine  
  152  9:11  Marine  
  152  9:13  Marine  
  153  9:23  Marine x2  
  155  9:27  Marine  
  155  9:30  Marauder  
  155  9:31  Marine  
  164  9:37  Siege Tank  
  150  9:51  Marauder  
  136  9:57  Marine  
  136  9:58  Marine x2  
  136  9:59  Marine  

Tags
 
Add a new tag
Caveats
  • Supply blocks, unpowered buildings, or Contaminate may cause inaccurate times.
  • Supply counts are checked every 10 seconds.